 Dungeon Crawl Stone Soup version 0.32-a0-898-g7811c86cf0 (webtiles) character file.

Game seed: 6207131343295733722

2616 Ajdolov the Thaumaturge (level 9, -2/61 HPs)
             Began as a Mummy Alchemist on Apr 4, 2024.
             Slain by a killer bee (6 damage)
             ... on level 7 of the Dungeon.
             The game lasted 00:14:44 (8748 turns).

Ajdolov the Thaumaturge (Mummy Alchemist)           Turns: 8748, Time: 00:14:45

Health: -2/61      AC:  5    Str: 11    XL:     9   Next: 34%
Magic:  10/21      EV: 11    Int: 18    God:
Gold:   409        SH:  0    Dex: 13    Spells: 14/24 levels left

rFire   . . .        q - +4 trident (drain)
rCold   + . .        o - orb {light}
rNeg    + + +        h - +2 robe {rF+}
rPois   ∞            (no helmet)
rElec   .            (no cloak)
rCorr   .            e - +0 pair of gloves
SInv    .            (no boots)
Will    +....        (no amulet)
Stlth   +            (no ring)
HPRegen 0.30/turn    (no ring)
MPRegen 0.17/turn

%: faith
@: very slightly contaminated, glowing
A: cold resistance 1, negative energy resistance 3, torment resistance 2, heat
vulnerability 1, in touch with death 1, no potions, faith
a: no special abilities


You were on level 7 of the Dungeon.
You visited 1 branch of the dungeon, and saw 7 of its levels.
You also visited: Sewer.

You collected 464 gold pieces.
You spent 55 gold pieces at shops.

Inventory:

Hand Weapons
 q - a +4 trident of draining (weapon)
Missiles
 a - 2 throwing nets
Armour
 e - a +0 pair of gloves (worn)
 g - a scarf of shadows
 h - a +2 robe of fire resistance (worn)
 o - an orb of light (worn)
Magical Staves
 n - a staff of earth
Scrolls
 c - 4 scrolls of teleportation
 d - a scroll of butterflies
 f - a scroll of fear
 i - 3 scrolls of noise
 j - a scroll of enchant armour
 l - 2 scrolls of silence
 m - a scroll of blinking
 p - 3 scrolls of vulnerability
Miscellaneous
 k - a lightning rod (4/4)


   Skills:
 + Level 2.3 Fighting
 - Level 1.5 Dodging
 - Level 1.5 Stealth
 - Level 8.0 Spellcasting
 - Level 5.0 Conjurations
 - Level 8.0 Alchemy


You had 14 spell levels left.
You knew the following spells:

 Your Spells              Type           Power      Damage    Failure   Level
a - Sting                 Conj/Alch      100%       1d9       1%          1
b - Mercury Vapours       Alch/Air       42%        N/A       2%          2
c - Olgreb's Toxic Radia  Alch           36%        N/A       3%          4
d - Mephitic Cloud        Conj/Alch/Air  22%        N/A       4%          3

Your spell library contained the following spells:

 Spells                   Type           Power      Damage    Failure   Level
 Sticky Flame             Fire/Alch      21%        2d6       19%         4
 Irradiate                Conj/Alch      15%        3d16      19%         5
 Inner Flame              Hex/Fire       7%         N/A       28%         3
 Ignition                 Fire           3%         3d4       100%        8


Dungeon Overview and Level Annotations

Branches:
Dungeon (7/15)              Sewer (visited)
 Temple: D:4-7

Altars:
Dithmenos
Hepliaklqana
Qazlal
Trog
Xom

Shops:
D:6 *?

Annotations:
D:5 Grinder


Innate Abilities, Weirdness & Mutations

You are immune to poison.
Your flesh is cold resistant. (rC+)
You are immune to negative energy. (rN+++)
You are immune to unholy pain and torment.
You are vulnerable to heat. (rF-)
You are in touch with the powers of death.
You do not drink.
You have a special connection with the divine. (Faith)


Message History

You miscast Mephitic Cloud.
You are very lightly contaminated with residual magic.
Nothing appears to happen.
You kill the killer bee! x2
The killer bee stings you. The killer bee completely misses you.
The killer bee stings you.
* * * LOW HITPOINT WARNING * * *
The water moccasin bites you.
* * * LOW HITPOINT WARNING * * *
The killer bee barely misses you. The killer bee closely misses you.
The killer bee stings you.
* * * LOW HITPOINT WARNING * * *
The killer bee closely misses you.
Your Fighting skill increases to level 2!
Casting: Mephitic Cloud (dangerous; 4% risk of failure)
Confirm with . or Enter, or press ? or * to list all spells.
Aiming: Mephitic Cloud (dangerous; 4% risk of failure)
Press: ? - help, Shift-Dir - straight line, f - you The ball explodes into a vile cloud!
The stinking cloud engulfs you.
The stinking cloud engulfs the killer bee.
The killer bee is severely wounded.
The stinking cloud engulfs the killer bee.
The killer bee is almost dead.
The stinking cloud engulfs the killer bee.
The killer bee is almost dead.
The stinking cloud engulfs the killer bee.
The killer bee is severely wounded.
The stinking cloud engulfs the water moccasin.
You hear a shout! x3
You kill the killer bee! x2
The water moccasin bites you!
* * * LOW HITPOINT WARNING * * *
The killer bee is engulfed in noxious fumes.
The killer bee appears confused.
The killer bee barely misses itself.
The killer bee is engulfed in noxious fumes.
The killer bee appears confused.
The water moccasin barely misses you.
The killer bee closely misses the killer bee.
The killer bee is engulfed in noxious fumes.
The killer bee appears confused.
The killer bee stings you.
You die...

... #.#
#.# # #.#
###.#
#......
##y#..#
#§§y..##.#
#@§.....#
##S#.####
.# .# ##


You could see a water moccasin and 2 killer bees.

Vanquished Creatures
  Jeremiah (D:6)
  Sigmund (D:5)
  Eustachio (D:6)
  Duvessa (D:5)
  A water moccasin (D:4)
  An ice beast (D:4)
  2 ogres (D:5)
  2 black bears
  A kobold brigand (D:6)
  3 bullfrogs
  3 scorpions
  Dowan (D:5)
  4 killer bees (D:7)
  2 hounds
  2 bombardier beetles
  A gnoll bouda (D:6)
  2 orc priests
  2 sleepcaps (D:6)
  3 orc wizards
  A mummy (D:6)
  17 gnolls
  6 adders
  A shadow imp (D:6)
  A white imp (D:5)
  7 dart slugs
  5 ribbon worms
  7 orcs
  8 bats
  4 endoplasms
  15 giant cockroaches
  32 goblins
  32 hobgoblins
  9 jackals
  5 quokkas
  10 ball pythons
  10 frilled lizards (Sewer)
  14 kobolds
  4 rats
222 creatures vanquished.

Vanquished Creatures (others)
  An arcanist (D:4)
1 creature vanquished.

Grand Total: 223 creatures vanquished

Notes
Turn   | Place    | Note
-------+----------+-------------------------------------------
     0 | D:1      | Ajdolov the Mummy Alchemist began the quest for the Orb.
     0 | D:1      | Reached XP level 1. HP: 13/13 MP: 4/4
   166 | D:1      | Found a faded altar of an unknown god.
   285 | D:1      | Reached XP level 2. HP: 18/19 MP: 0/6
   291 | D:1      | Learned a level 2 spell: Mercury Vapours
  1033 | D:2      | Reached XP level 3. HP: 18/24 MP: 1/8
  2651 | D:3      | Noticed a scorpion
  2656 | D:3      | Killed a scorpion
  2657 | D:3      | Reached XP level 4. HP: 22/30 MP: 4/10
  3035 | D:3      | Reached XP level 5. HP: 33/35 MP: 4/12
  3122 | D:3      | Reached skill level 5 in Spellcasting
  3122 | D:3      | Found a glowing drain.
  3131 | Sewer    | Entered a sewer
  3590 | Sewer    | Reached XP level 6. HP: 15/41 MP: 5/14
  4740 | D:4      | Noticed an ice beast
  4752 | D:4      | Killed an ice beast
  4891 | D:4      | Noticed a water moccasin
  4902 | D:4      | Killed a water moccasin
  4903 | D:4      | Reached skill level 5 in Alchemy
  4903 | D:4      | Reached XP level 7. HP: 34/46 MP: 7/17
  5272 | D:4      | Found a bloodstained altar of Trog.
  5273 | D:4      | Noticed a wizard
  5278 | D:4      | Killed a wizard
  5440 | D:4      | Found a stormy altar of Qazlal.
  5441 | D:4      | Found a hazy altar of Hepliaklqana.
  5495 | D:5      | Entered Level 5 of the Dungeon
  5630 | D:5      | Learned a level 4 spell: Olgreb's Toxic Radiance
  5634 | D:5      | Learned a level 3 spell: Mephitic Cloud
  5709 | D:5      | Noticed Duvessa
  5728 | D:5      | Noticed Dowan
  5732 | D:5      | Found a shadowy altar of Dithmenos.
  5749 | D:5      | Killed Duvessa
  6073 | D:5      | Reached XP level 8. HP: 38/52 MP: 11/20
  6266 | D:5      | Noticed Sigmund
  6467 | D:5      | Killed Sigmund
  6589 | D:5      | Killed Dowan
  6647 | D:5      | Noticed Grinder
  6649 | D:5      | Paralysed by Grinder for 5 turns
  6863 | D:6      | Found Vycwid's Magic Scroll Shoppe.
  6868 | D:6      | Bought a scroll of identify for 22 gold pieces
  6868 | D:6      | Bought a scroll of teleportation for 33 gold pieces
  7080 | D:6      | Reached skill level 1 in Conjurations
  7527 | D:6      | Noticed Eustachio
  7540 | D:6      | Killed Eustachio
  7541 | D:6      | Reached XP level 9. HP: 53/57 MP: 7/21
  7748 | D:6      | Noticed Jeremiah
  7846 | D:6      | Killed Jeremiah
  8229 | D:6      | Reached skill level 5 in Conjurations
  8391 | D:6      | Found a shimmering altar of Xom.
  8401 | D:6      | Found Hoicwyu's Mail-Order Catalogue.
  8411 | D:6      | Reached skill level 1 in Fighting
  8748 | D:7      | Slain by a killer bee

Illustrated notes

Levels and vault maps discovered:
D:1:      lemuel_arrival_lava_pool, layout_rooms,
          shapermc_ecumenical_altar_totnotflames, minmay_parallelograms
D:2:      layout_basic, kennysheep_generic_room_7
D:3:      layout_basic, portal_sewer_entry_d
D:4:      layout_loops_corners, gammafunk_temple_overflow_pools, trog_wizard
D:5:      layout_basic, lemuel_crystal_altar, nicolae_elevator_lobby_asterisk,
          uniq_sigmund, uniq_duvessa, uniq_grinder
D:6:      minmay_goblin_kobold_castle, layout_basic, xom_teletrap_fun,
          gup_ossuary_entry_pyramid, serial_shops, nicolae_shop_hallway_plus,
          monkooky_shop_mail_order, uniq_eustachio, uniq_jeremiah
D:7:      layout_loops_cross, mainiacjoe_overflow_concentric_impassable,
          minmay_temple_entry_purple_smoke, serial_shops, shop

Skill      XL: |  1  2  3  4  5  6  7  8  9 |
---------------+----------------------------+-----
Spellcasting   | 3 4 5 7 8 |  8.0
Alchemy        | 3 4 5 6 8 |  8.0
Conjurations   | 3 5 |  5.0
Fighting       | 2 |  2.3
Dodging        | |  1.5
Stealth        | |  1.5

Action                     |  1- 3 |  4- 6 |  7- 9 || total
---------------------------+-------+-------+-------++-------
  Melee: Whip              |    31 |    52 |    42 ||   125
         Trident           |       |       |     5 ||     5
   Cast: Sting             |    90 |    97 |   140 ||   327
         Mephitic Cloud    |       |       |     8 ||     8
         Mercury Vapours   |       |       |     2 ||     2
         Olgreb's Toxic Ra |       |       |    29 ||    29
    Use: Scroll            |       |       |     6 ||     6
 Armour: Robe              |    28 |    93 |   125 ||   246
  Dodge: Dodged            |    53 |    92 |    96 ||   241

Table legend: (Time is in decaauts)
 A = Elapsed time spent in this place.
 B = Non-inter-level travel time spent in this place.
 C = Inter-level travel time spent in this place.
 D = Time resting spent in this place.
 E = Time spent auto-exploring this place.
 F = Levels seen in this place.
 G = Mean time per level.
                   A        B        C        D        E       F      G
               +--------+--------+--------+--------+--------+-----+--------+
         Total |   8883 |   8471 |    412 |    421 |   6518 |   8 | 1110.4 |
       Dungeon |   8022 |   7610 |    412 |    385 |   5973 |   7 | 1146.0 |
         Sewer |    861 |    861 |      0 |     36 |    544 |   1 |  861.0 |
               +--------+--------+--------+--------+--------+-----+--------+

Top non-repeatable levels by time:
     D:6: 1953 daAuts
     D:2: 1623 daAuts
     D:4: 1451 daAuts
     D:3: 1138 daAuts
     D:5: 994 daAuts
   Sewer: 861 daAuts
     D:1: 856 daAuts
     D:7: 4 daAuts
